 Dungeon Crawl Stone Soup version 0.30.1-9-gdf580d7c3d (webtiles) character file.

Game seed: 18303748156020844808

251 Amplified the Trooper (level 5, -1/46 HPs)
             Began as a Minotaur Hexslinger on Oct 19, 2023.
             Killed from afar by a white imp (5 damage)
             ... with a puff of frost
             ... on level 4 of the Dungeon.
             The game lasted 00:05:41 (3361 turns).

Amplified the Trooper (Minotaur Hexslinger)         Turns: 3361, Time: 00:05:41

Health: -1/46      AC:  4    Str: 17    XL:     5   Next: 88%
Magic:  5/5        EV: 17    Int: 10    God:
Gold:   189        SH:  4    Dex: 10    Spells: 5/6 levels left

rFire   . . .        x - +0 war axe
rCold   . . .        n - +0 buckler
rNeg    . . .        c - +0 robe
rPois   .            (helmet restricted)
rElec   .            (no cloak)
rCorr   .            (no gloves)
SInv    .            (no boots)
Will    .....        (no amulet)
Stlth   +            d - ring of flight
HPRegen 0.27/turn    h - +5 ring of evasion
MPRegen 0.09/turn

%: no passive effects
@: lethally poisoned (-1 -> -2), flying
A: horns 2, retaliatory headbutt, hooves 1, iridescent scales 1, screaming 1,
inability to read after injury 1
a: no special abilities


You were on level 4 of the Dungeon.
You visited 1 branch of the dungeon, and saw 4 of its levels.

You collected 228 gold pieces.
You spent 39 gold pieces at shops.

Inventory:

Hand Weapons
 a - a +1 sling
 i - a +0 whip
 x - a +0 war axe (weapon)
Missiles
 t - 9 poisoned darts
Armour
 c - a +0 robe (worn)
 n - a +0 buckler (worn)
Jewellery
 d - a ring of flight (left hand)
 h - a +5 ring of evasion (right hand)
Scrolls
 b - 3 scrolls of poison
 g - 5 scrolls of teleportation
 k - 2 scrolls of enchant armour
 p - 3 scrolls of enchant weapon
 r - a scroll of magic mapping
 v - a scroll of fog
Potions
 e - 2 potions of resistance
 l - a potion of haste {unknown}
 m - a potion of mutation
 o - a potion of brilliance {unknown}
 q - a potion of ambrosia {unknown}
 s - a potion of flight {unknown}
 w - a potion of attraction {unknown}


   Skills:
 * Level 4.1 Fighting
 * Level 2.2(2.7) Axes
 - Level 2.0(2.5) Maces & Flails
 - Level 2.1 Ranged Weapons
 - Level 2.0 Armour
 - Level 3.0 Dodging
 * Level 2.8 Shields
 - Level 1.0 Spellcasting
 - Level 2.0 Hexes


You had 5 spell levels left.
You knew the following spells:

 Your Spells              Type           Power      Damage    Failure   Level
a - Slow                  Hex            16%        N/A       19%         1

Your spell library contained the following spells:

 Spells                   Type           Power      Damage    Failure   Level
 Ensorcelled Hibernation  Hex/Ice        4%         N/A       41%         2
 Passwall                 Tmut/Erth      0%         N/A       54%         2
 Static Discharge         Conj/Air       0%         2-2/arc   54%         2
 Inner Flame              Hex/Fire       2%         N/A       65%         3
 Portal Projectile        Hex/Tloc       4%         N/A       65%         3
 Frozen Ramparts          Ice            0%         1d1       78%         3
 Swiftness                Air            0%         N/A       78%         3
 Cause Fear               Hex            2%         N/A       88%         4
 Airstrike                Air            0%         2d(0-16)  99%         4
 Ice Form                 Ice/Tmut       0%         N/A       99%         4
 Summon Ice Beast         Ice/Summ       0%         N/A       99%         4
 Summon Lightning Spire   Summ/Air       0%         N/A       99%         4


Dungeon Overview and Level Annotations

Branches:
Dungeon (4/15)
 Temple: D:4-7

Altars:
Vehumet

Shops:
D:1 ?

Annotations:
D:2 1 runed translucent door, Crazy Yiuf
D:4 Pikel


Innate Abilities, Weirdness & Mutations

You have a pair of horns on your head.
You reflexively headbutt those who attack you in melee.
You have large cloven feet.
You are partially covered in iridescent scales. (AC +2)
You occasionally shout uncontrollably at your foes.
You occasionally lose the ability to read scrolls when taking damage.


Message History

You hit the kobold.
You kill the kobold!
You hit the white imp but do no damage.
You feel very sick. The white imp barely misses you.
You barely miss the white imp. You kick the white imp.
Your headbutt misses the white imp.
The white imp is moderately wounded.
You feel very sick. The white imp misses you. The white imp gestures at you.
The puff of frost misses you.
You hit the white imp but do no damage. Your kick misses the white imp.
The white imp is lightly wounded.
You feel sick.
The white imp hits you but does no damage.
Unknown command.
You closely miss the white imp. Your kick misses the white imp.
The white imp is lightly wounded.
You feel sick. The white imp hits you. The white imp freezes you.
The white imp gestures at you. The puff of frost hits you!
You feel threatened and lose the ability to read scrolls!
* * * LOW HITPOINT WARNING * * *
You closely miss the white imp. You kick the white imp.
Your headbutt misses the white imp.
The white imp is heavily wounded.
You feel sick. The white imp closely misses you. You furiously retaliate!
You headbutt the white imp.
Unknown command.
You closely miss the white imp.
The white imp is almost dead.
You can read scrolls again.
You feel sick. The white imp hits you.
* * * LOW HITPOINT WARNING * * *
The white imp freezes you.
* * * LOW HITPOINT WARNING * * *
The white imp gestures at you. The puff of frost hits you.
You die...

#.......#...# #.........<.#
#...).....).# #......#....#
##......#)##.# #....)..?#.#
..## .
###...#........###..####.# .
#...........).............# .
#....#.#....5@#...........#
.###........[......##.##.....#
..#.............#...#.#......#
#.#......###....#.#.....#....#
#........#........##..)##....#
...........##.#......_.......#
..#......###.[##..##...##.##.#
###..###.# #.###<.#.....#.##.#
##..###.# #.#
#....#.#....#.####


You could see a white imp.

Vanquished Creatures
  A black bear (D:3)
  3 lemures (D:3)
  An orc wizard (D:3)
  2 gnolls
  An adder (D:2)
  A worm (D:2)
  3 dart slugs
  2 orcs (D:3)
  3 bats
  8 endoplasms
  3 giant cockroaches
  3 goblins
  5 hobgoblins
  9 jackals
  10 kobolds
  3 quokkas
  5 ball pythons
  5 frilled lizards
  8 rats
76 creatures vanquished.

Vanquished Creatures (collateral kills)
  2 gnolls (D:4)
2 creatures vanquished.

Grand Total: 78 creatures vanquished

Notes
Turn   | Place    | Note
-------+----------+-------------------------------------------
     0 | D:1      | Amplified the Minotaur Hexslinger began the quest for the
                  | Orb.
     0 | D:1      | Reached XP level 1. HP: 16/16 MP: 1/1
   104 | D:1      | Reached skill level 1 in Armour
   107 | D:1      | Reached XP level 2. HP: 24/24 MP: 2/2
   172 | D:1      | Reached skill level 2 in Fighting
   306 | D:1      | Found Womped's Magic Scroll Shoppe.
   323 | D:1      | Reached XP level 3. HP: 21/29 MP: 3/3
   327 | D:1      | Bought a scroll of teleportation for 39 gold pieces
  1003 | D:2      | Reached skill level 1 in Maces & Flails
  1281 | D:2      | Found a runed translucent door.
  1282 | D:2      | Noticed Crazy Yiuf
  1386 | D:2      | Reached XP level 4. HP: 37/37 MP: 4/4
  1797 | D:3      | Reached skill level 3 in Fighting
  1797 | D:3      | Reached skill level 1 in Shields
  2611 | D:4      | Found a radiant altar of Vehumet.
  2749 | D:4      | Noticed a black bear
  2785 | D:4      | Noticed Pikel
  2785 | D:4      | Noticed a lemure
  2785 | D:4      | Noticed a lemure
  2785 | D:4      | Noticed a lemure
  2785 | D:4      | Noticed a lemure
  2798 | D:3      | Killed a lemure
  2807 | D:3      | Killed a lemure
  2811 | D:3      | Killed a lemure
  2945 | D:3      | Killed a black bear
  2946 | D:3      | Reached skill level 1 in Axes
  2946 | D:3      | Reached XP level 5. HP: 25/46 MP: 5/5
  3129 | D:4      | Reached skill level 4 in Fighting
  3167 | D:4      | Gained mutation: You have large cloven feet. [potion of
                  | mutation]
  3167 | D:4      | Gained mutation: You occasionally lose the ability to read
                  | scrolls when taking damage. [potion of mutation]
  3167 | D:4      | Gained mutation: You occasionally shout uncontrollably at
                  | your foes. [potion of mutation]
  3167 | D:4      | Gained mutation: You are partially covered in iridescent
                  | scales. (AC +2) [potion of mutation]
  3361 | D:4      | Killed from afar by a white imp

Illustrated notes

Levels and vault maps discovered:
D:1:      scummos_arrival_star, layout_basic, serial_shops, shop
D:2:      minmay_wonky_spiral, layout_loops_ring, uniq_crazy_yiuf_cottage
D:3:      layout_loops_corners
D:4:      layout_rooms, mainiacjoe_overflow_small_starburst, uniq_pikel

Skill      XL: |  1  2  3  4  5 |
---------------+----------------+-----
Armour         | 1 2 |  2.0
Fighting       | 2 3 4 |  4.1
Maces & Flails | 1 2 |  2.0
Dodging        | 3 |  3.0
Shields        | 2 |  2.8
Axes           | 1 2 |  2.2
Ranged Weapons | |  2.1
Spellcasting   | |  1.0
Hexes          | |  2.0

Action                     |  1- 3 |  4- 6 || total
---------------------------+-------+-------++-------
  Melee: Whip              |    69 |    32 ||   101
         Headbutt          |     9 |     8 ||    17
         War axe           |       |    57 ||    57
         Kick              |       |     2 ||     2
   Fire: Sling             |    59 |       ||    59
    Use: Scroll            |     4 |     7 ||    11
         Potion            |     1 |     3 ||     4
   Stab: Sleeping          |     1 |     1 ||     2
 Armour: Robe              |    15 |     7 ||    22
  Dodge: Dodged            |    75 |    89 ||   164
  Block: Buckler           |     8 |    13 ||    21
